 Dungeon Crawl Stone Soup version 0.31-a0-222-gefeffbb62a (webtiles) character file.

Game seed: 3446791769247729887

169 qw the Shooter (level 5, 0/41 HPs)
             Began as a Minotaur Hexslinger on July 4, 2023.
             Slain by an orc
             ... wielding a +0 whip
              (4 damage)
             ... on level 3 of the Dungeon.
             The game lasted 00:00:36 (1645 turns).

qw the Shooter (Minotaur Hexslinger)                Turns: 1645, Time: 00:00:36

Health: 0/41       AC:  7    Str: 13    XL:     5   Next: 25%
Magic:  5/5        EV: 11    Int: 10    God:
Gold:   71         SH:  0    Dex: 14    Spells: 5/6 levels left

rFire   + . .        Y - +1 sling (freeze)
rCold   . . .        (no shield)
rNeg    . . .        e - +1 ring mail {rF+}
rPois   .            (helmet restricted)
rElec   .            (no cloak)
rCorr   .            (no gloves)
SInv    .            m - +0 pair of boots
Will    +....        (no amulet)
Stlth   +            a - ring of willpower
HPRegen 0.26/turn    (no ring)
MPRegen 0.09/turn

%: no passive effects
@: no status effects
A: horns 2, retaliatory headbutt
a: no special abilities


You were on level 3 of the Dungeon.
You visited 1 branch of the dungeon, and saw 3 of its levels.

You collected 131 gold pieces.
You spent 60 gold pieces at shops.


Innate Abilities, Weirdness & Mutations

You have a pair of horns on your head.
You reflexively headbutt those who attack you in melee.


   Skills:
 - Level 2.0 Fighting
 + Level 4.9 Ranged Weapons
 - Level 3.2 Armour
 - Level 2.1 Dodging
 - Level 1.0 Spellcasting
 - Level 2.0 Hexes


You had 5 spell levels left.
You knew the following spells:

 Your Spells              Type           Power      Damage    Failure   Level
a - Slow                  Hex            16%        N/A       30%         1

Your spell library contained the following spells:

 Spells                   Type           Power      Damage    Failure   Level
 Inner Flame              Hex/Fire       2%         N/A       80%         3
 Portal Projectile        Hex/Tloc       4%         N/A       80%         3
 Cause Fear               Hex            2%         N/A       97%         4

Inventory:

Hand Weapons
 Y - a +1 sling of freezing (weapon)
Armour
 e - a +1 ring mail of fire resistance (worn)
 m - a +0 pair of boots (worn)
Jewellery
 a - a ring of willpower (left hand)
Scrolls
 c - a scroll of teleportation {unknown}
 h - a scroll of identify
Potions
 b - a potion of enlightenment {unknown}
 d - a potion of curing
 f - a potion of degeneration {unknown}
 g - 2 potions of heal wounds
 i - a potion of might {unknown}
 k - a potion of cancellation {unknown}

Dungeon Overview and Level Annotations

Branches:
Dungeon (3/15)

Altars:
Cheibriados

Shops:
D:1 (   D:2 *


Message History

You shoot a sling bullet.
The sling bullet barely misses the orc wizard.
The sling bullet closely misses the orc.
The sling bullet hits the orc.
The sling bullet freezes the orc.
The orc is heavily wounded.
The orc wizard hits you with a +0 dagger.
You shoot a sling bullet. The sling bullet hits the orc wizard.
The sling bullet freezes the orc wizard.
The orc wizard is almost dead.
The rat twitches its whiskers.
The orc hits you from afar with a +0 trident.
The orc wizard barely misses you. You furiously retaliate!
You headbutt the orc wizard!
You kill the orc wizard!
You shoot a sling bullet. The sling bullet hits the orc.
The sling bullet freezes the orc.
The orc is severely wounded.
The orc barely misses you.
The orc hits you from afar with a +0 trident.
The orc hits you with a +0 whip.
You shoot a sling bullet. The sling bullet hits the orc!
The sling bullet freezes the orc.
You kill the orc!
The orc hits you from afar with a +0 trident.
The orc hits you but does no damage. The rat closely misses you.
You furiously retaliate!
You headbutt the rat!
You kill the rat!
The jelly hits you but does no damage. The orc hits you but does no damage.
The orc barely misses you.
You shoot a sling bullet. The sling bullet hits the jelly!
The sling bullet freezes the jelly.
The jelly is almost dead.
The orc barely misses you. The orc hits you but does no damage.
The jelly hits you but does no damage.
You shoot a sling bullet. The sling bullet hits the jelly.
The sling bullet freezes the jelly.
You kill the jelly!
The orc hits you from afar with a +0 trident!
The orc hits you with a +0 whip.
You die...

.. .# . .## ##
.#..$ ......
.#..# .. .. ...
..##. #.##
..#..##@.#
#.....o))#
.###..##.o####
..[..........###
..#...........#
# .
##........#.# ..
###......#..
#.### #........
....##......##.


You could see 2 orcs.

Vanquished Creatures
  A phantom (D:3)
  A jelly (D:3)
  An orc wizard (D:3)
  3 adders (D:2)
  2 dart slugs
  An orc (D:3)
  5 endoplasms
  A giant cockroach (D:2)
  2 goblins (D:1)
  4 hobgoblins
  2 kobolds
  3 quokkas
  5 ball pythons
  4 bats
  2 frilled lizards (D:1)
  7 rats
44 creatures vanquished.

Notes
Turn   | Place    | Note
-------+----------+-------------------------------------------
     0 | D:1      | qw the Minotaur Hexslinger began the quest for the Orb.
     0 | D:1      | Reached XP level 1. HP: 16/16 MP: 1/1
     0 | D:1      | 0 ||| qw: Version: 0.3-a-46-gb1f654a
     0 | D:1      | 0 ||| qw: Game counter: 905
     0 | D:1      | 0 ||| qw: Melee chars always use a shield: true
     0 | D:1      | 0 ||| qw: God list: Okawaru
     0 | D:1      | 0 ||| qw: Allow faded altars: false
     0 | D:1      | 0 ||| qw: Do Orc after clearing Dungeon:15 true
     0 | D:1      | 0 ||| qw: Do second Lair branch before Depths: true
     0 | D:1      | 0 ||| qw: Lair rune preference: random
     0 | D:1      | 0 ||| qw: Goals: Normal
     0 | D:1      | 0 ||| PLANNING D:1-11
    54 | D:1      | Found Tower's Weapon Emporium.
   264 | D:1      | Reached skill level 3 in Ranged Weapons
   264 | D:1      | Reached XP level 2. HP: 23/23 MP: 2/2
   890 | D:1      | 890 ||| READING scroll labelled KIN POOSCHAU.
   891 | D:1      | 891 ||| READING 3 scrolls labelled FUUSET ASTRIBA.
   892 | D:1      | 892 ||| READING scroll labelled CUYZUB WUBLYTZ.
   893 | D:1      | 893 ||| READING 2 scrolls of identify.
   893 | D:1      | 893 ||| IDENTIFYING metallic cyan potion
   894 | D:1      | 894 ||| DROPPING scroll of poison.
   935 | D:2      | Reached XP level 3. HP: 14/29 MP: 3/3
  1059 | D:2      | Found Dieneism's General Store.
  1069 | D:2      | 1069 ||| BUYING potion of heal wounds (60 gold).
  1069 | D:2      | Bought a potion of heal wounds for 60 gold pieces
  1069 | D:2      | 1069 ||| SHOPLISTING ring of the Octopus King {Wiz HP+2
                  | AC+2 EV+2 SH+2} (796 gold, have 15).
  1069 | D:2      | 1069 ||| SHOPLISTING scroll of enchant armour (90 gold,
                  | have 15).
  1069 | D:2      | 1069 ||| SHOPLISTING scroll of identify (24 gold, have 15).
  1099 | D:2      | Reached skill level 4 in Ranged Weapons
  1175 | D:2      | Found a snail-covered altar of Cheibriados.
  1435 | D:2      | Reached XP level 4. HP: 36/36 MP: 4/4
  1455 | D:2      | 1455 ||| UPGRADING to +0 ring mail.
  1465 | D:2      | 1465 ||| DROPPING +0 robe.
  1466 | D:2      | 1466 ||| UPGRADING to +1 ring mail of fire resistance.
  1476 | D:2      | 1476 ||| DROPPING +0 ring mail.
  1477 | D:2      | 1477 ||| UPGRADING to +0 pair of boots.
  1482 | D:2      | 1482 ||| UPGRADING to ring of willpower.
  1483 | D:2      | 1483 ||| READING scroll labelled IPSAAVAANER.
  1484 | D:2      | 1484 ||| READING scroll labelled CUMACAO DOMA.
  1577 | D:3      | Found a faded altar of an unknown god.
  1606 | D:3      | Noticed a phantom
  1636 | D:3      | HP: 6/36 [phantom (4)]
  1637 | D:3      | 1637 ||| DRINKING 3 potions of heal wounds.
  1638 | D:3      | Killed a phantom
  1639 | D:3      | Reached skill level 3 in Armour
  1639 | D:3      | Reached XP level 5. HP: 30/41 MP: 5/5
  1645 | D:3      | HP: 4/41 [orc/+0 trident (8)]
  1645 | D:3      | Slain by an orc

Levels and vault maps discovered:
D:1:      lightli_arrival_windingriver, layout_basic, serial_shops, shop,
          hangedman_decor_clover_reticule, minivault_14,
          hangedman_feature_mirror
D:2:      layout_rooms, serial_shops, shop, basic_altar
D:3:      layout_rooms, nicolae_ecumenical_lake_church, uniq_terence

Skill      XL: |  1  2  3  4 |
---------------+-------------+-----
Ranged Weapons | 3 4 |  4.9
Fighting       | 2 |  2.0
Armour         | 3 |  3.2
Dodging        | |  2.1
Spellcasting   | |  1.0
Hexes          | |  2.0

Action                     |  1- 3 |  4- 6 || total
---------------------------+-------+-------++-------
   Fire: Sling             |    79 |    47 ||   126
    Use: Scroll            |     4 |     2 ||     6
         Potion            |       |     1 ||     1
 Armour: Robe              |     1 |       ||     1
         Ring mail         |       |    29 ||    29
  Dodge: Dodged            |    12 |    21 ||    33

Table legend:
 A = Non-vault XP
 B = Vault XP
 C = Vault XP percentage of total XP
 D = Non-vault monster count
 E = Vault monster count
 F = Vault count percentage of total count
                 A         B        C        D         E       F
            +---------+---------+-------+---------+---------+-------
      Total |     280 |       4 |   1.4 |      42 |       2 |   4.5
            +---------+---------+-------+---------+---------+-------
        D:1 |      29 |       4 |  12.1 |      16 |       2 |  11.1
        D:2 |      64 |       0 |   0.0 |      17 |       0 |   0.0
        D:3 |     187 |       0 |   0.0 |       9 |       0 |   0.0
            +---------+---------+-------+---------+---------+-------
